 Dungeon Crawl Stone Soup version 0.27-a0-1502-g47ed6a6988 (webtiles) character file.

Game seed: 12786611725624869501

618 Sin92 the Skirmisher (level 7, -2/55 HPs)
             Began as a Demonspawn Fighter on July 8, 2021.
             Was a Follower of Okawaru.
             Slain by an orc (3 damage)
             ... on level 5 of the Dungeon.
             The game lasted 00:05:52 (4641 turns).

Sin92 the Skirmisher (Demonspawn Fighter)           Turns: 4641, Time: 00:05:54

Health: -2/55      AC: 12    Str: 16    XL:     7   Next: 21%
Magic:  8/8        EV:  5    Int: 13    God:    Okawaru [*.....]
Gold:   158        SH:  9    Dex: 15    Spells: 6/6 levels left

rFire    + . .     SeeInvis .   m - +2 long sword (vorpal)
rCold    . . .     Faith    .   c - +0 kite shield
rNeg     . . .     Spirit   .   l - +1 chain mail
rPois    .         Reflect  .   (no helmet)
rElec    .         Harm     .   (no cloak)
rCorr    .         Rampage  .   o - +0 pair of gloves
Will     .....                  (no boots)
Stlth    ..........             (no amulet)
HPRegen  0.18/turn              d - ring "Sojae" {rF+ Int+4}
MPRegen  0.22/turn              (no ring)

@: no status effects
A: talons 1, rugged brown scales 1, magic regeneration
a: Renounce Religion, Heroism


You were on level 5 of the Dungeon.
You worshipped Okawaru.
Okawaru was aware of your devotion.
You visited 2 branches of the dungeon, and saw 6 of its levels.

You collected 158 gold pieces.

Inventory:

Hand Weapons
 a - a +0 long sword
 m - a +2 vorpal long sword (weapon)
Missiles
 n - 2 boomerangs of dispersal (quivered)
Armour
 b - a +0 scale mail
 c - a +0 kite shield (worn)
 l - a +1 chain mail (worn)
 o - a +0 pair of gloves (worn)
Jewellery
 d - the ring "Sojae" (left hand) {rF+ Int+4}
   (You acquired it on level 5 of the Dungeon)

   [ring of protection from fire]

   Int:       It affects your intelligence (+4).
   rF:        It protects you from fire.
 g - an amulet of magic regeneration
Scrolls
 e - 3 scrolls of identify
 f - a scroll of noise
 j - a scroll of amnesia
Potions
 h - a potion of lignification
 p - a potion of curing
 t - a potion of brilliance {unknown}


   Skills:
 + Level 4.2 Fighting
 * Level 4.2 Long Blades
 + Level 3.9 Armour
 + Level 2.4 Dodging
 + Level 3.8 Shields
 + Level 2.5 Invocations


You had 6 spell levels left.
You didn't know any spells.
Your spell library contained the following spells:

 Spells                   Type           Power      Damage    Failure   Level
 Ozocubu's Armour         Ice            0%         N/A       100%        3
 Metabolic Englaciation   Hex/Ice        0%         N/A       100%        5
 Simulacrum               Ice/Necr       0%         N/A       100%        6


Dungeon Overview and Level Annotations

Branches:
Dungeon (5/15)             Temple (1/1) D:4

Altars:
Cheibriados
Gozag
Makhleb
Okawaru
Qazlal
Vehumet
Xom
Yredelemnul

Shops:
D:2 [(   D:3 :


Innate Abilities, Weirdness & Mutations

You have sharp toenails.
You are partially covered in rugged brown scales. (AC +1, +3% HP)
You regenerate magic rapidly.


Message History

* * * LOW HITPOINT WARNING * * *
The bullfrog skeleton barely misses you.
You riposte.
You hit the bullfrog skeleton. Your kick misses the bullfrog skeleton.
The bullfrog skeleton is lightly damaged.
The orc priest hits you with a +0 club.
* * * LOW HITPOINT WARNING * * *
The orc hits you but does no damage.
You closely miss the orc priest. Your kick misses the orc priest.
The orc priest is severely wounded.
You block the bullfrog skeleton's attack.
The orc priest hits you but does no damage.
The orc hits you but does no damage.
The bullfrog skeleton hits you but does no damage.
You slash the orc priest!
You kill the orc priest!
Okawaru accepts your kill.
You block the bullfrog skeleton's attack.
You block the orc's attack. The bullfrog skeleton hits you.
* * * LOW HITPOINT WARNING * * *
The gnoll barely misses you. The orc hits you with a +0 short sword.
* * * LOW HITPOINT WARNING * * *
You slash the gnoll! You claw the gnoll.
The gnoll is severely wounded.
You block the bullfrog skeleton's attack.
You block the orc's attack. The gnoll barely misses you.
You block the bullfrog skeleton's attack.
You completely miss the gnoll. Your kick misses the gnoll.
The gnoll is severely wounded.
The bullfrog skeleton hits you but does no damage.
The orc hits you but does no damage. You block the gnoll's attack.
The bullfrog skeleton hits you but does no damage.
You hit the gnoll.
You kill the gnoll!
Okawaru accepts your kill. The orc hits you with a +0 short sword.
* * * LOW HITPOINT WARNING * * *
You block the bullfrog skeleton's attack.
The orc hits you with a +0 short sword.
You die...

#....##.#..≈P≈≈≈≈P≈≈≈≈≈≈.≈.≈.
#....'....♣≈≈≈≈≈≈≈≈≈≈PP≈≈P≈♣.
#....##....≈≈≈≈≈≈≈≈≈P≈P≈≈≈♣..
#..)......##≈♣≈≈≈≈≈≈≈≈P≈≈♣...
#.......>.....♣♣≈≈≈≈≈≈≈≈≈♣...
#..≈≈.♣....#.#####♣≈≈♣≈≈≈P...
#.♣P≈.≈≈...#.######♣♣♣♣♣♣####
#PPP≈.P≈≈o.#........,,,,,,,,,
#♣≈≈≈.P)≈≈.#@.......,,,,,,,,,
****♣≈≈≈.≈≈≈≈gooZ......,,,,,,,,,
*,,,♣≈≈≈.≈≈≈≈###.......,,,,,,,,≈
*,,,♣≈≈≈.≈≈≈♣#*,.......,,,,,,,≈≈
*,,,#♣♣≈.≈P≈P**,.......,,,,,,,≈*
*,,,,≈♣≈.≈≈≈.,,,.......,,,,,,*≈≈
***>,≈♣≈.≈≈♣.,,,.#...≈.,,,,,,≈≈*
*,,*♣≈.≈≈*,,,,.#..≈≈≈,,,,,,≈≈≈
*,,≈≈≈,≈≈≈*,,,#≈♣♣♣≈≈*,,,,,≈*≈


You could see a gnoll, 2 orcs and a bullfrog skeleton.

Vanquished Creatures
  An ogre (D:4)
  A phantom (D:4)
  A scorpion (D:4)
  3 hounds
  3 orc priests (D:5)
  Jessica (D:2)
  Terence (D:3)
  A hound skeleton (D:4)
  4 adders
  5 gnolls
  A worm (D:3)
  4 dart slugs
  4 orcs
  2 bats (D:3)
  11 endoplasms
  3 giant cockroaches
  7 goblins
  7 hobgoblins
  6 quokkas
  4 ball pythons
  3 frilled lizards
  5 kobolds
  4 rats
82 creatures vanquished.

Vanquished Creatures (others)
  10 plants (D:5)
10 creatures vanquished.

Grand Total: 92 creatures vanquished

Notes
Turn   | Place    | Note
-------+----------+-------------------------------------------
     0 | D:1      | Sin92 the Demonspawn Fighter began the quest for the Orb.
     0 | D:1      | Reached XP level 1. HP: 18/18 MP: 1/1
   107 | D:1      | Gained mutation: You have sharp toenails. [demonic
                  | ancestry]
   107 | D:1      | Reached XP level 2. HP: 23/24 MP: 2/2
   888 | D:2      | Reached XP level 3. HP: 7/29 MP: 3/3
  1137 | D:2      | Noticed Jessica
  1141 | D:2      | Killed Jessica
  1142 | D:2      | Reached skill level 1 in Dodging
  1244 | D:2      | Reached XP level 4. HP: 24/35 MP: 4/4
  1417 | D:2      | Found Mobosaf's Antique Armour Shoppe.
  1719 | D:2      | Found Loruhi's Weapon Boutique.
  1867 | D:2      | Found a faded altar of an unknown god.
  1976 | D:3      | Found a stormy altar of Qazlal.
  2042 | D:3      | Found a burning altar of Makhleb.
  2389 | D:3      | Found Ykouraun's Book Emporium.
  2483 | D:3      | Gained mutation: You regenerate magic rapidly. [demonic
                  | ancestry]
  2483 | D:3      | Reached XP level 5. HP: 33/41 MP: 5/5
  2743 | D:3      | Noticed Terence
  2763 | D:3      | Killed Terence
  3036 | D:4      | Found a staircase to the Ecumenical Temple.
  3054 | Temple   | Entered the Ecumenical Temple
  3080 | Temple   | Became a worshipper of Warmaster Okawaru
  3202 | D:4      | Noticed a phantom
  3217 | D:4      | Killed a phantom
  3218 | D:4      | Reached skill level 1 in Invocations
  3218 | D:4      | Gained mutation: You are partially covered in rugged brown
                  | scales. (AC +1, +3% HP) [demonic ancestry]
  3218 | D:4      | Reached XP level 6. HP: 17/49 MP: 6/6
  3534 | D:4      | HP: 1/49 [ogre (22)]
  3535 | D:4      | Reached * piety under Okawaru
  4377 | D:5      | Entered Level 5 of the Dungeon
  4562 | D:5      | Reached XP level 7. HP: 55/55 MP: 8/8
  4597 | D:5      | Identified a scroll of acquirement
  4597 | D:5      | Acquired the ring "Sojae" {rF+ Int+4}
  4641 | D:5      | HP: 1/55 [orc (4)]
  4641 | D:5      | Slain by an orc

Illustrated notes

Levels and vault maps discovered:
D:1:      lemuel_arrival_river_ford, layout_basic
D:2:      layout_loops_ring, serial_shops, nicolae_shop_waterfront,
          shop_fountains, hellmonk_ecumenical_altar_leap_of_faith, uniq_jessica
D:3:      layout_loops_ring, overflow_temple_1_default, grunt_qazlal_clouds,
          serial_shops, shop, guppyfry_early_orc_mine, uniq_terence
D:4:      cheibrodos_quashed, layout_loops_ring, temple_statues,
          kennysheep_another_room
D:5:      layout_basic, serial_bayou, serial_bayou_lake_a,
          serial_bayou_lagoon_b, serial_bayou_ford_a, serial_bayou_pond_e
Temple:   eino_temple_scatter_basement

Skill      XL: |  1  2  3  4  5  6 |
---------------+-------------------+-----
Long Blades    | 2 3 4 |  4.2
Armour         | 3 |  3.9
Dodging        | 1 2 |  2.4
Shields        | 3 |  3.8
Invocations    | 1 2 |  2.5
Fighting       | 4 |  4.2

Action                   |  1- 3 |  4- 6 |  7- 9 || total
-------------------------+-------+-------+-------++-------
Melee: Long sword        |    54 |   156 |    15 ||   225
       Kick              |    13 |    43 |     3 ||    59
  Use: Scroll            |     2 |       |     8 ||    10
       Potion            |       |     3 |       ||     3
Armor: Scale mail        |    19 |    26 |       ||    45
       Chain mail        |       |    30 |    15 ||    45
Dodge: Dodged            |    11 |    37 |     9 ||    57
Block: Kite shield       |    25 |    89 |    19 ||   133
       Rpst.: Long sword |     3 |     9 |     3 ||    15

Table legend: (Time is in decaauts)
 A = Elapsed time spent in this place.
 B = Non-inter-level travel time spent in this place.
 C = Inter-level travel time spent in this place.
 D = Time resting spent in this place.
 E = Time spent auto-exploring this place.
 F = Levels seen in this place.
 G = Mean time per level.
                   A        B        C        D        E       F      G
               +--------+--------+--------+--------+--------+-----+--------+
         Total |   4763 |   4720 |     43 |    854 |   3029 |   6 |  793.8 |
       Dungeon |   4723 |   4680 |     43 |    854 |   3018 |   5 |  944.6 |
        Temple |     39 |     39 |      0 |      0 |     11 |   1 |   39.0 |
               +--------+--------+--------+--------+--------+-----+--------+

Top non-repeatable levels by time:
     D:4: 1323 daAuts
     D:2: 1159 daAuts
     D:3: 1095 daAuts
     D:1: 866 daAuts
     D:5: 278 daAuts
  Temple: 39 daAuts
